 Dungeon Crawl Stone Soup version 0.31-a0-177-g4aa6249778 (webtiles) character file.

Game seed: 10819284860478774287

50 Elmgren the Conjurer (level 3, -1/19 HPs)
             Began as a Deep Elf Conjurer on June 19, 2023.
             Slain by an ufetubus (2 damage)
             ... on level 1 of the Dungeon.
             The game lasted 00:13:19 (1838 turns).

Elmgren the Conjurer (Deep Elf Conjurer)            Turns: 1838, Time: 00:13:19

Health: -1/19      AC:  2    Str:  4    XL:     3   Next: 55%
Magic:  0/10       EV: 13    Int: 24    God:
Gold:   71         SH:  0    Dex: 13    Spells: 7/10 levels left

rFire   . . .        d - +1 dagger (elec)
rCold   . . .        (no shield)
rNeg    . . .        a - +0 robe
rPois   .            (no helmet)
rElec   .            (no cloak)
rCorr   .            (no gloves)
SInv    .            (no boots)
Will    .....        (no amulet)
Stlth   ++           (no ring)
HPRegen 0.23/turn    (no ring)
MPRegen 0.12/turn

%: no passive effects
@: no status effects
A: no striking features
a: no special abilities


You were on level 1 of the Dungeon.
You visited 1 branch of the dungeon, and saw 2 of its levels.

You collected 71 gold pieces.


   Skills:
 + Level 3.1 Dodging
 - Level 2.4 Stealth
 + Level 4.1 Spellcasting
 + Level 5.0 Conjurations


You had 7 spell levels left.
You knew the following spells:

 Your Spells              Type           Power      Damage    Failure   Level
m - Magic Dart            Conj           100%       1d8       1%          1
s - Searing Ray           Conj           58%        2d6       1%          2

Your spell library contained the following spells:

 Spells                   Type           Power      Damage    Failure   Level
 Dazzling Flash           Conj/Hex       34%        N/A       11%         3
 Fulminant Prism          Conj/Hex       8%         3d6       34%         4
 Iskenderun's Mystic Bla  Conj/Tloc      17%        2d5       34%         4
 Iskenderun's Battlesphe  Conj           29%        2d8       34%         5
 Fireball                 Conj/Fire      8%         3d6       67%         5
 Conjure Ball Lightning   Conj/Air       8%         3x3d6     99%         6
 Orb of Destruction       Conj           14%        9d7       100%        7

Inventory:

Hand Weapons
 d - a +1 dagger of electrocution (weapon)
   (You took it off a goblin on level 1 of the Dungeon)
Missiles
 k - 9 stones
Armour
 a - a +0 robe (worn)
Scrolls
 c - a scroll of teleportation {unknown}
Potions
 b - a potion of magic
 e - a potion of lignification {!q}
 f - a potion of enlightenment {unknown}
 g - a potion of might {unknown}

Dungeon Overview and Level Annotations

Branches:
Dungeon (2/15) Zot: 10160

Altars:

.#..# #.#........#..###.####.###.
.#..###.#.######.#†.# #.###...##.
........#........)..# #.##.....#.
.#.#.#######........# #.#........
........#....###.######..........
........#..### #.................
##.####.#...## #..#####..........
...# #......###5.# #.#.......#
#### ##........@.# #.##.....##
#.....###.######.......## #....##
#....†...####### #.#.##
#######..# #.#.# #.## #.#.# #.#
#.#.# #.# #.#.# #.#
########.#.######### #.#


You could see an ufetubus.


Message History

You lost 2 mp, and now have 2/10 mp.
Casting: Searing Ray (safe; 1% risk of failure)
Confirm with . or Enter, or press ? or * to list all spells.
Restarting spell: Searing Ray (safe; 1% risk of failure)
Press: ? - help, Shift-Dir - straight line, f - rat
Aim: a rat (79% to hit)
The searing ray hits the rat!
You kill the rat! (Press . to maintain the ray.) 😎 MP[-2]
You lost 2 mp, and now have 0/10 mp.
No target in view!
A giant cockroach comes into view. 😎 MP[+1]
A giant cockroach is nearby! 😎 MP[+1]
Casting: Searing Ray (safe; 1% risk of failure)
Confirm with . or Enter, or press ? or * to list all spells.
You can't see any susceptible monsters within range! (Use Z to cast anyway.) Unknown command.
Casting: Searing Ray (safe; 1% risk of failure)
Confirm with . or Enter, or press ? or * to list all spells.
You can't see any susceptible monsters within range! (Use Z to cast anyway.)
A giant cockroach is nearby!
Casting: Searing Ray (safe; 1% risk of failure)
Confirm with . or Enter, or press ? or * to list all spells.
Aiming: Searing Ray (safe; 1% risk of failure)
Press: ? - help, Shift-Dir - straight line, f - giant cockroach
Aim: a giant cockroach (79% to hit)
The searing ray hits the giant cockroach!
You kill the giant cockroach! (Press . to maintain the ray.) 😎 MP[-2]
You lost 2 mp, and now have 0/10 mp.
No target in view!
An ufetubus is nearby! 😎 MP[+5]
You regained 5 mp, and now have 5/10 mp.
Casting: Searing Ray (safe; 1% risk of failure)
Confirm with . or Enter, or press ? or * to list all spells.
You can't see any susceptible monsters within range! (Use Z to cast anyway.)
The ufetubus shouts!
Casting: Searing Ray (safe; 1% risk of failure)
Confirm with . or Enter, or press ? or * to list all spells.
Aiming: Searing Ray (safe; 1% risk of failure)
Press: ? - help, Shift-Dir - straight line, f - ufetubus
Aim: an ufetubus (66% to hit)
The searing ray hits the ufetubus. (Press . to maintain the ray.) 😎 MP[-2]
You lost 2 mp, and now have 3/10 mp.
Casting: Searing Ray (safe; 1% risk of failure)
Confirm with . or Enter, or press ? or * to list all spells.
Restarting spell: Searing Ray (safe; 1% risk of failure)
Press: ? - help, Shift-Dir - straight line, f/p - ufetubus
Aim: an ufetubus (heavily wounded, 66% to hit)
The searing ray misses the ufetubus. (Press . to maintain the ray.) 😎 MP[-2]
You lost 2 mp, and now have 1/10 mp.
Casting: Searing Ray (safe; 1% risk of failure)
Confirm with . or Enter, or press ? or * to list all spells.
You don't have enough magic to cast this spell.
An ufetubus is nearby!
Casting: Searing Ray (safe; 1% risk of failure)
Confirm with . or Enter, or press ? or * to list all spells.
You don't have enough magic to cast this spell.
The ufetubus misses you. The ufetubus barely misses you. The ufetubus hits you.
The ufetubus barely misses you. 😕 HP[-3] MP[+1]
You take 3 damage, and now have 16/19 hp.
The ufetubus attacks as you move away! The ufetubus closely misses you. x2
There is a stone staircase leading up here.
Casting: Searing Ray (safe; 1% risk of failure)
Confirm with . or Enter, or press ? or * to list all spells.
Aiming: Searing Ray (safe; 1% risk of failure)
Press: ? - help, Shift-Dir - straight line, f/p - ufetubus
Aim: an ufetubus (heavily wounded, 66% to hit)
The searing ray misses the ufetubus. (Press . to maintain the ray.)
The ufetubus hits you. x2
* * * LOW HITPOINT WARNING * * *
The ufetubus closely misses you.
The ufetubus barely misses you. 😨 HP[-7] MP[-2]
You take 7 damage, and now have 9/19 hp.
MASSIVE DAMAGE!! (PAUSE)
You lost 2 mp, and now have 0/10 mp.
The ufetubus hits you.
* * * LOW HITPOINT WARNING * * *
The ufetubus hits you.
* * * LOW HITPOINT WARNING * * *
You climb upwards.
There is a stone staircase leading down here. 😱 HP[-7]
You take 7 damage, and now have 2/19 hp.
MASSIVE DAMAGE!! (PAUSE)
You hit the ufetubus. The ufetubus closely misses you. The ufetubus hits you.
* * * LOW HITPOINT WARNING * * *
The ufetubus hits you.
You die...

Skill      XL: |  1  2  3 |
---------------+----------+-----
Dodging        | 3 |  3.1
Spellcasting   | 4 |  4.1
Conjurations   | 5 |  5.0
Stealth        | |  2.4

Action                     || total
---------------------------++-------
  Melee: Unarmed           ||     2
         Dagger            ||    33
   Cast: Magic Dart        ||    27
         Searing Ray       ||    10
    Use: Scroll            ||     5
   Stab: Sleeping          ||     5
 Armour: Robe              ||     7
  Dodge: Dodged            ||    28

Levels and vault maps discovered:
D:1:      saegor_arrival_fortress, layout_loops_ring,
          hellmonk_ecumenical_altar_arch_garden
D:2:      layout_rooms

Notes
Turn   | Place    | Note
-------+----------+-------------------------------------------
     0 | D:1      | Elmgren the Deep Elf Conjurer began the quest for the Orb.
     0 | D:1      | Reached XP level 1. HP: 10/10 MP: 6/6
     0 | D:1      | magus.rc [v1.11.6]
    50 | D:1      | Reached XP level 2. HP: 9/15 MP: 3/8
   111 | D:1      | magus.rc [v1.11.6]
   118 | D:1      | magus.rc [v1.11.6]
   397 | D:1      | Found a faded altar of an unknown god.
   663 | D:1      | Reached XP level 3. HP: 13/19 MP: 10/10
   721 | D:1      | magus.rc [v1.11.6]
   752 | D:1      | Reached skill level 3 in Dodging
   923 | D:1      | Reached skill level 4 in Spellcasting
  1374 | D:1      | Identified a scroll of acquirement
  1374 | D:1      | Acquired a book of the Spheres
  1393 | D:1      | magus.rc [v1.11.6]
  1518 | D:1      | Learned a level 2 spell: Searing Ray
  1771 | D:2      | Reached skill level 5 in Conjurations
  1836 | D:2      | HP: 2/19 [ufetubus (4)]
  1838 | D:1      | Slain by an ufetubus

Vanquished Creatures
  A gnoll (D:1)
  A worm (D:2)
  2 ball pythons (D:1)
  2 bats (D:1)
  4 endoplasms (D:1)
  2 giant cockroaches
  6 goblins (D:1)
  3 hobgoblins (D:1)
  4 jackals (D:1)
  A kobold (D:1)
  2 quokkas (D:1)
  4 rats
32 creatures vanquished.

Table legend:
 A = Non-vault XP
 B = Vault XP
 C = Vault XP percentage of total XP
 D = Non-vault monster count
 E = Vault monster count
 F = Vault count percentage of total count
                 A         B        C        D         E       F
            +---------+---------+-------+---------+---------+-------
      Total |      72 |       0 |   0.0 |      32 |       0 |   0.0
            +---------+---------+-------+---------+---------+-------
        D:1 |      64 |       0 |   0.0 |      29 |       0 |   0.0
        D:2 |       8 |       0 |   0.0 |       3 |       0 |   0.0
            +---------+---------+-------+---------+---------+-------

Skill      XL: |  1  2  3 |
---------------+----------+-----
Dodging        | 3 |  3.1
Spellcasting   | 4 |  4.1
Conjurations   | 5 |  5.0
Stealth        | |  2.4

Action                     || total
---------------------------++-------
  Melee: Unarmed           ||     2
         Dagger            ||    33
   Cast: Magic Dart        ||    27
         Searing Ray       ||    10
    Use: Scroll            ||     5
   Stab: Sleeping          ||     5
 Armour: Robe              ||     7
  Dodge: Dodged            ||    28

Illustrated notes

Table legend:
 A = Kills in this place as a percentage of kills in the entire game.
 B = Kills by you in this place as a percentage of kills by you in the entire game.
 C = Kills by friends in this place as a percentage of kills by friends in the entire game.
 D = Other kills in this place as a percentage of other kills in the entire game.
 E = Experience gained in this place as a percentage of experience gained in the entire game.
 F = Experience gained in this place divided by the number of levels of this place that you have seen.
                   A       B       C       D       E      F
               +-------+-------+-------+-------+-------+----------------------
         Total | 100.0 | 100.0 |   N/A |   N/A | 100.0 |  36.0
       Dungeon | 100.0 | 100.0 |   N/A |   N/A | 100.0 |  36.0
               +-------+-------+-------+-------+-------+----------------------

Table legend: (Time is in decaauts)
 A = Elapsed time spent in this place.
 B = Non-inter-level travel time spent in this place.
 C = Inter-level travel time spent in this place.
 D = Time resting spent in this place.
 E = Time spent auto-exploring this place.
 F = Levels seen in this place.
 G = Mean time per level.
                   A        B        C        D        E       F      G
               +--------+--------+--------+--------+--------+-----+--------+
         Total |   1838 |   1725 |    113 |    550 |    934 |   2 |  919.0 |
       Dungeon |   1838 |   1725 |    113 |    550 |    934 |   2 |  919.0 |
               +--------+--------+--------+--------+--------+-----+--------+

Top non-repeatable levels by time:
     D:1: 1755 daAuts
     D:2: 82 daAuts
